 Dungeon Crawl Stone Soup version 0.27.1-4-g1640c2035a (webtiles) character file.

Game seed: 10839471272733364393

110820 raph the Earth Mage (level 16, -2/92 HPs)
             Began as a Deep Elf Earth Elementalist on Nov 1, 2021.
             Was a High Priest of Sif Muna.
             Hit by a javelin thrown by a merfolk javelineer (18 damage)
             ... on level 1 of the Shoals.
             The game lasted 01:42:13 (40185 turns).

raph the Earth Mage (Deep Elf Earth Elementalist)  Turns: 40185, Time: 01:42:14

Health: -2/92      AC: 16    Str:  7    XL:     16   Next: 8%
Magic:  13/43      EV: 16    Int: 26    God:    Sif Muna [*****.]
Gold:   3421       SH:  7    Dex: 15    Spells: 2/40 levels left

rFire    . . .     SeeInvis .   b - staff of earth
rCold    . . .     Faith    .   I - +2 buckler {reflect}
rNeg     . . .     Spirit   .   i - +1 troll leather armour
rPois    +         Reflect  +   t - +2 helmet
rElec    .         Harm     .   n - +1 cloak
rCorr    .         Rampage  .   K - +1 pair of gloves
Will     +....                  U - +2 pair of boots
Stlth    ++++......             e - amulet of regeneration
HPRegen  2.25/turn              j - ring of magical power
MPRegen  0.28/turn              F - ring of poison resistance

@: channeling, very slightly contaminated
A: no striking features
a: Renounce Religion, Channel Magic, Forget Spell, Divine Exegesis


You were on level 1 of the Shoals.
You worshipped Sif Muna.
Sif Muna was extremely pleased with you.
You visited 6 branches of the dungeon, and saw 26 of its levels.
You also visited: Bailey and Ice Cave.

You collected 3421 gold pieces.

Inventory:

Hand Weapons
 f - a +9 long sword
 X - a +2 dagger of venom
Missiles
 c - 469 stones
 M - 3 throwing nets
Armour
 i - a +1 troll leather armour (worn)
 n - a +1 cloak (worn)
 t - a +2 helmet (worn)
 I - a +2 buckler of reflection (worn)
 K - a +1 pair of gloves (worn)
 U - a +2 pair of boots (worn)
Magical Staves
 b - a staff of earth (weapon)
Jewellery
 e - an amulet of regeneration (around neck)
 g - an amulet of the acrobat
 j - a ring of magical power (left hand)
 C - a ring of protection from fire
 F - a ring of poison resistance (right hand)
 Z - a +6 ring of dexterity
Wands
 w - a wand of iceblast (25)
 A - a wand of charming (11)
 L - a wand of mindburst (16)
 N - a wand of digging (6)
 R - a wand of acid (7)
 W - a wand of polymorph (20)
Scrolls
 d - 12 scrolls of teleportation
 h - a scroll of magic mapping
 q - 3 scrolls of blinking
 s - 2 scrolls of brand weapon
 x - 2 scrolls of amnesia
 y - a scroll of enchant armour
 D - a scroll of summoning
 G - 4 scrolls of fear
 J - 4 scrolls of enchant weapon
 S - a scroll of fog
 V - 3 scrolls of identify
Potions
 k - a potion of resistance
 l - 14 potions of curing
 m - a potion of brilliance
 o - 2 potions of heal wounds
 p - 5 potions of haste
 u - 5 potions of might
 v - 2 potions of flight
 z - 2 potions of mutation
 H - 2 potions of cancellation
 O - 3 potions of berserk rage
 P - 3 potions of ambrosia
 Q - 2 potions of magic
Miscellaneous
 T - a phantom mirror
 Y - a condenser vane


   Skills:
 * Level 7.2 Fighting
 - Level 4.2 Staves
 + Level 5.3 Armour
 + Level 9.7 Dodging
 + Level 10.0 Stealth
 - Level 4.0 Shields
 + Level 12.8 Spellcasting
 + Level 12.8 Conjurations
 * Level 5.0 Necromancy
 - Level 3.9 Translocations
 - Level 1.1 Transmutations
 - Level 7.7 Ice Magic
 - Level 1.2 Air Magic
 * Level 15.1 Earth Magic
 - Level 5.6 Poison Magic
 + Level 8.4 Invocations


You had 2 spell levels left.
You knew the following spells:

 Your Spells              Type           Power      Damage    Failure   Level
a - Sandblast             Erth           100%       2d20      0%          1
b - Passwall              Tmut/Erth      60%        N/A       1%          2
c - Iron Shot             Conj/Erth      47%        9d9       2%          6
d - Stone Arrow           Conj/Erth      100%       3d13      1%          3
e - Apportation           Tloc           74%        N/A       1%          1
f - Blink                 Tloc           N/A        N/A       1%          2
g - Lee's Rapid Deconstr  Erth           48%        3d24*     1%          5
h - Petrify               Tmut/Erth      73%        N/A       1%          4
i - Freezing Cloud        Conj/Ice/Air   26%        6-21      7%          5
j - Fulminant Prism       Conj/Hex       25%        3d14      3%          4
k - Borgnjor's Vile Clut  Necr/Erth      40%        N/A       1%          5

Your spell library contained the following spells:

 Spells                   Type           Power      Damage    Failure   Level
 Animate Skeleton         Necr           86%        N/A       1%          1
 Foxfire                  Conj/Fire      100%       2x1d9     1%          1
 Freeze                   Ice            100%       1d11      1%          1
 Magic Dart               Conj           100%       1d8       1%          1
 Shock                    Conj/Air       100%       1d9       1%          1
 Sting                    Tmut/Pois      100%       1d8       1%          1
 Corpse Rot               Necr/Air       N/A        N/A       1%          2
 Poisonous Vapours        Pois/Air       68%        N/A       1%          2
 Searing Ray              Conj           100%       3d7       1%          2
 Corona                   Hex            17%        N/A       4%          1
 Summon Small Mammal      Summ           64%        N/A       4%          1
 Slow                     Hex            16%        N/A       8%          2
 Dazzling Flash           Conj/Hex       100%       N/A       1%          3
 Frozen Ramparts          Ice            100%       1d12      1%          3
 Mephitic Cloud           Conj/Pois/Air  50%        N/A       1%          3
 Vampiric Draining        Necr           21%        2d9       1%          3
 Hailstorm                Conj/Ice       63%        3d13      1%          4
 Iskenderun's Battlesphe  Conj           70%        2d12      1%          5
 Lesser Beckoning         Tloc           18%        N/A       2%          3
 Teleport Other           Tloc           37%        N/A       2%          3
 Animate Armour           Summ/Erth      100%       N/A       2%          4
 Sticky Flame             Conj/Fire      50%        2d7       3%          4
 Bolt of Magma            Conj/Fire/Erth 39%        4d17      3%          5
 Olgreb's Toxic Radiance  Pois           46%        N/A       4%          4
 Animate Dead             Necr           21%        N/A       6%          4
 Ice Form                 Ice/Tmut       39%        N/A       8%          4
 Irradiate                Conj/Tmut      26%        3d22      8%          5
 Swiftness                Air            22%        N/A       9%          3
 Summon Ice Beast         Ice/Summ       36%        N/A       10%         4
 Confusing Touch          Hex            16%        N/A       14%         3
 Manifold Assault         Tloc           37%        N/A       26%         5
 Metabolic Englaciation   Hex/Ice        18%        N/A       26%         5
 Statue Form              Tmut/Erth      48%        N/A       26%         6
 Airstrike                Air            11%        N/A       28%         4
 Summon Lightning Spire   Summ/Air       19%        N/A       36%         4
 Conjure Ball Lightning   Conj/Air       26%        3x3d7     38%         6
 Simulacrum               Ice/Necr       25%        N/A       47%         6
 Death Channel            Necr           21%        N/A       67%         6
 Yara's Violent Unravell  Hex/Tmut       9%         3d6       71%         5
 Lehudib's Crystal Spear  Conj/Erth      47%        10d11     71%         8
 Dispersal                Tloc           18%        N/A       82%         6
 Invisibility             Hex            8%         N/A       100%        6
 Haunt                    Necr/Summ      14%        N/A       100%        7
 Malign Gateway           Summ/Tloc      13%        N/A       100%        7
 Storm Form               Tmut/Air       11%        N/A       100%        7
 Disjunction              Tloc           18%        N/A       100%        8
 Infestation              Necr           21%        N/A       100%        8
 Maxwell's Capacitive Co  Air            11%        ∞         100%        8
 Necromutation            Tmut/Necr      16%        N/A       100%        8
 Chain Lightning          Conj/Air       26%        3d34      100%        9
 Polar Vortex             Ice            27%        N/A       100%        9
 Shatter                  Erth           48%        3d37*     100%        9


Dungeon Overview and Level Annotations

Branches:
Dungeon (15/15)            Temple (1/1) D:6            Lair (6/6) D:9
 Shoals (1/4) Lair:3       Spider (0/4) Lair:2        Slime (1/5) Lair:5
    Orc (2/2) D:12            Elf (0/3) Orc:2        Vaults (0/5) D:14
 Depths (0/5) D:15         Bailey (visited)           IceCv (visited)

Altars:
Ashenzari
Cheibriados
Dithmenos
Elyvilon
Fedhas
Gozag
Hepliaklqana
Kikubaaqudgha
Makhleb
Nemelex Xobeh
Okawaru
Qazlal
Ru
Sif Muna
Trog
Uskayaw
Vehumet
Wu Jian
Xom
Yredelemnul
Zin
The Shining One
Beogh

Shops:
D:11 (   Orc:2 *=*:

Annotations:
D:1 blink
Lair:2 Gastronok


Message History

Aim: a merfolk, wielding a +0 trident (purple smoke, heavily wounded, 72% to hit)
You feel a surge of power!
The iron shot misses the merfolk.
The merfolk misses you.
Casting: Iron Shot (dangerous; 2% risk of failure)
Confirm with . or Enter, or press ? or * to list all spells.
Aiming: Iron Shot (dangerous; 2% risk of failure)
Press: ? - help, Shift-Dir - straight line, f/p - merfolk
Aim: a merfolk, wielding a +0 trident (purple smoke, heavily wounded, 72% to hit)
You feel a surge of power!
The iron shot hits the merfolk!!!
You kill the merfolk!
Sif Muna accepts your kill.
The merfolk javelineer throws a javelin.
The javelin closely misses you.
The merfolk javelineer throws a javelin.
The javelin barely misses you.
A merfolk impaler comes into view. It is wielding a +0 trident.
Casting: Iron Shot (dangerous; 2% risk of failure)
Confirm with . or Enter, or press ? or * to list all spells.
You don't have enough magic to cast this spell.
A merfolk, a merfolk avatar and a merfolk impaler come into view.
The merfolk avatar shouts!
The merfolk shouts!
The merfolk impaler shouts!
The merfolk javelineer throws a javelin.
The javelin completely misses you.
The merfolk javelineer throws a javelin.
The javelin pierces through you!!
The merfolk avatar moves out of view.
Casting: Iron Shot (dangerous; 2% risk of failure)
Confirm with . or Enter, or press ? or * to list all spells.
You don't have enough magic to cast this spell.
The merfolk impaler hits you but does no damage.
The merfolk javelineer throws a javelin.
The javelin pierces through you!!
The merfolk javelineer throws a javelin.
The javelin pierces through you!!
* * * LOW HITPOINT WARNING * * *
Blink to where?
Press: ? - help, Dir - move target
As you read the scroll of blinking, it crumbles to dust.
The merfolk javelineer throws a javelin.
The javelin pierces through you!!
You die...

≈≈≈≈≈≈≈≈≈≈≈≈≈≈≈≈≈≈≈..
....≈≈≈≈≈≈≈≈...≈≈≈≈≈≈≈≈≈
.......≈≈......≈≈≈≈≈≈≈≈≈
≈......###.....≈≈≈≈≈≈≈≈≈
≈≈≈≈......##......≈≈≈≈≈≈≈≈
≈≈≈≈)....≈≈......≈...≈≈≈≈≈..
≈≈≈≈≈≈..≈≈≈....#####..≈≈≈.##
≈)≈≈≈≈≈≈.......#####...≈≈.#
≈≈..≈≈≈≈≈≈≈≈..@)........≈≈≈≈.##
≈≈≈≈≈).).≈≈≈≈...≈≈.......≈≈≈≈≈..
≈≈≈≈≈.≈≈..≈)≈....≈.......≈≈≈≈≈≈.
≈≈≈≈..§.....†.........≈..≈≈≈≈≈≈≈
≈........).....##.≈...≈≈≈≈≈≈≈≈≈=
.....#§.≈§m§m##..#...≈≈≈≈≈≈≈≈≈†#
........§§m§§§m# #..≈≈≈≈≈≈≈≈≈≈.#
≈...§..§§§mm§..# #...≈≈≈≈≈.≈≈≈.#
≈≈≈≈≈≈..§m§#........≈≈≈≈≈....†.#


You could see a merfolk avatar, 2 merfolk impalers, a merfolk javelineer and a
merfolk.

Vanquished Creatures
  The ghost of hurston the Protected, a journeyman GrFi of Gozag (D:12)
  Harold (Lair:2)
  A rakshasa (D:13)
  A boulder beetle (D:12)
  12 hydras
  A merfolk avatar (Shoals:1)
  Erica (Lair:2)
  3 centaur warriors
  An ogre mage (D:15)
  3 catoblepae
  2 dancing weapons (D:14)
  7 two-headed ogres
  8 death yaks
  A deep troll shaman (Lair:6)
  2 merfolk aquamancers (Shoals:1)
  An orc high priest (Orc:1)
  Sonja (Lair:5)
  3 sea snakes (Shoals:1)
  12 orc knights
  7 harpies (Shoals:1)
  2 necromancers
  A wizard (D:15)
  2 deep elf pyromancers
  A deep elf zephyrmancer (D:15)
  An orc sorcerer (D:15)
  2 ugly things
  6 fauns (Shoals:1)
  A merfolk siren (Shoals:1)
  3 cyclopes
  5 manticores
  9 centaur zombies
  Joseph (D:7)
  16 elephants
  4 black mambas
  A naga mage (D:15)
  An ice statue (IceCv)
  15 cane toads
  2 gargoyles
  An unseen horror (D:11)
  6 freezing wraiths
  2 torpor snails (Lair:4)
  3 rime drakes
  A centaur skeleton (D:15)
  A kobold demonologist (D:9)
  Maggie (D:8)
  2 efreet (D:15)
  3 yaktaurs (D:12)
  An anaconda simulacrum (IceCv)
  An entropy weaver simulacrum (IceCv)
  10 komodo dragons
  11 ice devils (IceCv)
  7 jumping spiders (Lair:2)
  2 polar bears
  4 merfolk (Shoals:1)
  3 trolls
  A wind drake (Shoals:1)
  11 slime creatures (D:13)
  13 blink frogs
  The ghost of Manslay the Conjurer, an amateur OpCj (D:5)
  6 redbacks (Lair:2)
  Sigmund (D:6)
  A water elemental (Shoals:1)
  9 wraiths
  44 yaks
  A vampire (D:12)
  4 shadows
  5 wyverns
  10 vampire mosquitoes
  2 basilisks
  3 steam dragons
  4 death yak simulacra (IceCv)
  5 harpy simulacra (IceCv)
  8 wargs
  3 acid dragons
  17 water moccasins
  A floating eye (shapeshifter) (D:14)
  46 orc warriors
  3 sky beasts
  An ice beast (D:3)
  3 black bears
  4 boggarts (D:15)
  A necrophage (D:8)
  4 ogres
  14 wolves
  10 centaurs
  2 kobold brigands
  17 bullfrogs
  2 gnoll sergeants
  A two-headed ogre simulacrum (IceCv)
  7 cane toad simulacra (IceCv)
  A scorpion (D:6)
  2 wyvern zombies
  An elephant simulacrum (IceCv)
  7 wights
  4 electric eels
  6 howler monkeys
  10 jellies
  5 hounds
  A bullfrog skeleton (D:3)
  6 orc priests
  A gnoll shaman (D:8)
  2 iguanas
  18 orc wizards
  A troll simulacrum (IceCv)
  2 spriggan simulacra (IceCv)
  6 wolf simulacra (IceCv)
  2 polar bear simulacra (IceCv)
  A killer bee zombie (D:5)
  2 hound skeletons (D:5)
  2 howler monkey zombies
  Robin (D:3)
  13 gnolls
  A howler monkey skeleton (D:4)
  9 adders
  3 shadow imps
  3 ufetubi
  An adder skeleton (D:4)
  A worm (D:5)
  83 orcs
  11 ball pythons
  6 bats
  9 endoplasms
  6 giant cockroaches
  14 goblins
  9 hobgoblins
  6 jackals (D:1)
  5 frilled lizards
  14 kobolds
  8 rats
749 creatures vanquished.

Vanquished Creatures (others)
  4 fulminant prisms
  47 fungi
  62 plants
113 creatures vanquished.

Grand Total: 862 creatures vanquished

Notes
Turn   | Place    | Note
-------+----------+-------------------------------------------
     0 | D:1      | raph the Deep Elf Earth Elementalist began the quest for
                  | the Orb.
     0 | D:1      | Reached XP level 1. HP: 10/10 MP: 6/6
   249 | D:1      | Reached XP level 2. HP: 16/16 MP: 6/8
   482 | D:1      | Learned a level 2 spell: Passwall
   531 | D:1      | Learned a level 2 spell: Poisonous Vapours
   865 | D:1      | Reached XP level 3. HP: 20/20 MP: 9/9
  1344 | D:1      | You fall into a shaft and drop 1 floor!
  1490 | D:1      | Learned a level 3 spell: Stone Arrow
  1866 | D:2      | Reached skill level 4 in Earth Magic
  1987 | D:2      | Reached XP level 4. HP: 24/24 MP: 11/11
  2127 | D:2      | Reached skill level 1 in Conjurations
  2198 | D:2      | Learned a level 1 spell: Apportation
  2522 | D:2      | Found a faded altar of an unknown god.
  2660 | D:3      | Reached skill level 1 in Fighting
  2788 | D:3      | Noticed an ice beast
  3729 | D:4      | Reached XP level 5. HP: 29/29 MP: 12/12
  4140 | D:5      | Entered Level 5 of the Dungeon
  4141 | D:5      | Found a runed translucent door.
  4152 | D:5      | Noticed Manslay's ghost (amateur OpCj)
  4169 | D:5      | Found an iron altar of Okawaru.
  4273 | D:5      | Found a runed translucent door.
  4312 | D:5      | Noticed a centaur warrior zombie
  4323 | D:5      | Killed a centaur warrior zombie
  4324 | D:5      | Reached skill level 5 in Earth Magic
  4324 | D:5      | Reached skill level 1 in Poison Magic
  4324 | D:5      | Reached XP level 6. HP: 35/35 MP: 6/14
  4460 | D:5      | Reached XP level 7. HP: 39/39 MP: 15/15
  5337 | D:5      | Reached skill level 5 in Spellcasting
  5525 | D:3      | Reached skill level 6 in Earth Magic
  5525 | D:3      | Reached XP level 8. HP: 45/45 MP: 16/17
  5773 | D:3      | Noticed Robin
  5783 | D:3      | Killed Robin
  6652 | D:6      | Reached skill level 5 in Stealth
  6819 | D:6      | Learned a level 2 spell: Blink
  7038 | D:6      | Reached skill level 5 in Conjurations
  7148 | D:6      | Reached skill level 5 in Dodging
  7372 | D:6      | Found a staircase to the Ecumenical Temple.
  7391 | Temple   | Entered the Ecumenical Temple
  7460 | Temple   | Became a worshipper of Sif Muna the Loreminder
  7589 | D:6      | Noticed Sigmund
  7591 | D:6      | Killed Sigmund
  7866 | D:6      | Reached skill level 7 in Earth Magic
  7866 | D:6      | Reached XP level 9. HP: 48/50 MP: 16/19
  8068 | D:7      | Noticed Joseph
  8096 | D:7      | Killed Joseph
  8836 | D:7      | Reached * piety under Sif Muna
  8973 | D:7      | Identified a scroll of acquirement
  8973 | D:7      | Acquired the Grimoire of the Voyage and Stones
  8981 | D:7      | Learned a level 5 spell: Lee's Rapid Deconstruction
  9366 | D:8      | Reached skill level 8 in Earth Magic
  9807 | D:8      | Reached skill level 9 in Earth Magic
 10071 | D:8      | Learned a level 4 spell: Petrify
 10179 | D:8      | Noticed a deep elf pyromancer
 10181 | D:8      | Killed a deep elf pyromancer
 10182 | D:8      | Reached skill level 10 in Earth Magic
 10182 | D:8      | Reached XP level 10. HP: 56/56 MP: 19/21
 10386 | D:8      | Reached skill level 11 in Earth Magic
 10488 | D:8      | Noticed a gargoyle
 10490 | D:8      | Killed a gargoyle
 11062 | D:8      | Noticed Maggie
 11077 | D:8      | Killed Maggie
 11078 | D:8      | Reached skill level 12 in Earth Magic
 11554 | D:9      | Reached skill level 1 in Invocations
 11661 | D:9      | Reached ** piety under Sif Muna
 11807 | D:9      | Reached skill level 1 in Staves
 11912 | D:9      | Found a staircase to the Lair.
 12004 | D:9      | Acquired a Young Poisoner's Handbook
 12491 | D:9      | Noticed a smoke demon
 12495 | D:9      | Reached skill level 1 in Armour
 12689 | D:9      | Reached XP level 11. HP: 43/60 MP: 23/23
 12869 | Lair:1   | Entered Level 1 of the Lair of Beasts
 13056 | Lair:1   | Noticed a six-headed hydra
 13065 | Lair:1   | Killed a six-headed hydra
 13512 | Lair:1   | Noticed a six-headed hydra
 13534 | Lair:1   | Killed a six-headed hydra
 13871 | Lair:1   | Reached skill level 5 in Invocations
 14406 | Lair:1   | Reached *** piety under Sif Muna
 15071 | Lair:2   | Noticed Gastronok
 15280 | Lair:2   | Noticed Erica
 15295 | Lair:2   | Killed Erica
 15296 | Lair:2   | Reached skill level 1 in Translocations
 15296 | Lair:2   | Reached XP level 12. HP: 68/68 MP: 3/26
 15497 | Lair:2   | Reached skill level 13 in Earth Magic
 15783 | Lair:2   | Found a hole to the Spider Nest.
 15964 | Lair:2   | Noticed Harold
 15975 | Lair:2   | Killed Harold
 15976 | Lair:2   | Reached skill level 5 in Fighting
 16506 | Lair:3   | Learned a level 5 spell: Freezing Cloud
 16921 | Lair:3   | Found a staircase to the Shoals.
 17120 | Lair:3   | Reached skill level 1 in Ice Magic
 17228 | Lair:3   | Noticed a four-headed hydra
 17235 | Lair:3   | Killed a four-headed hydra
 17387 | Lair:3   | Learned a level 4 spell: Fulminant Prism
 17433 | Lair:3   | Noticed a seven-headed hydra
 17439 | Lair:3   | Killed a seven-headed hydra
 17440 | Lair:3   | Reached skill level 1 in Air Magic
 18400 | Lair:4   | Noticed an eight-headed hydra
 18404 | Lair:4   | Killed an eight-headed hydra
 18405 | Lair:4   | Reached skill level 5 in Poison Magic
 18576 | Lair:4   | Noticed a six-headed hydra
 18588 | Lair:4   | Killed a six-headed hydra
 18796 | Lair:4   | Reached **** piety under Sif Muna
 18797 | Lair:4   | Reached XP level 13. HP: 62/73 MP: 27/28
 18934 | Lair:4   | Found a blossoming altar of Fedhas.
 21226 | Lair:5   | Found a staircase to the Slime Pits.
 21850 | Lair:5   | Noticed Sonja
 21854 | Lair:5   | Killed Sonja
 22151 | Lair:5   | Reached skill level 5 in Ice Magic
 22687 | Slime:1  | Entered Level 1 of the Pits of Slime
 22701 | Lair:6   | Entered Level 6 of the Lair of Beasts
 22798 | Lair:6   | Reached skill level 10 in Conjurations
 23071 | Lair:6   | Reached XP level 14. HP: 79/79 MP: 3/29
 23404 | Lair:6   | Found a broken altar of Ashenzari.
 25024 | D:10     | Entered Level 10 of the Dungeon
 25970 | D:11     | Reached ***** piety under Sif Muna
 25972 | D:11     | Received a gift from Sif Muna
 25973 | D:11     | Got Sif Muna's Handbook of Frigorific Conjuration {god
                  | gift}
 26482 | D:11     | Reached skill level 10 in Spellcasting
 26495 | D:11     | Learned a level 6 spell: Iron Shot
 26562 | D:11     | Found Forecef's Weapon Emporium.
 27017 | D:12     | Reached skill level 1 in Shields
 27937 | D:12     | Found a staircase to the Orcish Mines.
 28408 | D:12     | Found a runed translucent gate.
 28408 | D:12     | Found a runed translucent gate.
 28408 | D:12     | Found a runed translucent gate.
 28410 | D:12     | Noticed hurston's ghost (journeyman GrFi)
 28543 | Orc:1    | Entered Level 1 of the Orcish Mines
 28740 | Orc:1    | Found a flagged portal.
 28792 | Bailey   | Entered a bailey
 29205 | Bailey   | Reached skill level 14 in Earth Magic
 30759 | Orc:2    | Entered Level 2 of the Orcish Mines
 32354 | Orc:2    | Reached XP level 15. HP: 84/84 MP: 12/32
 32713 | Orc:2    | Found Kakhil Qoa's Assorted Antiques.
 32713 | Orc:2    | Found Ulad's Book Boutique.
 32829 | Orc:2    | Found Haezeh's General Store.
 32829 | Orc:2    | Found Ydikh's Jewellery Boutique.
 33481 | Orc:2    | Found a staircase to the Elven Halls.
 33705 | D:12     | Killed hurston's ghost
 34311 | D:5      | Killed Manslay's ghost
 34843 | D:13     | Received a gift from Sif Muna
 34849 | D:13     | Got Sif Muna's Handbook of the Shifting Birds {god gift}
 35126 | D:13     | Found a frozen archway.
 35138 | IceCv    | Entered an ice cave
 35821 | IceCv    | Found an ancient bone altar of Kikubaaqudgha.
 36339 | IceCv    | Learned a level 5 spell: Borgnjor's Vile Clutch
 36666 | D:13     | Reached skill level 1 in Necromancy
 37112 | D:14     | Found a gate to the Vaults.
 37551 | D:15     | Entered Level 15 of the Dungeon
 37721 | D:15     | Reached skill level 5 in Armour
 38494 | D:15     | Acquired a +2 buckler of reflection
 38551 | D:15     | Received a gift from Sif Muna
 38559 | D:15     | Got Sif Muna's Handbook of Combat Magic {god gift}
 38876 | D:15     | Found a staircase to the Depths.
 39195 | Shoals:1 | Entered Level 1 of the Shoals
 39661 | Shoals:1 | Reached skill level 15 in Earth Magic
 40148 | Shoals:1 | Reached skill level 10 in Stealth
 40148 | Shoals:1 | Reached skill level 5 in Necromancy
 40148 | Shoals:1 | Reached XP level 16. HP: 86/92 MP: 19/34
 40185 | Shoals:1 | Hit by a javelin thrown by a merfolk javelineer

Illustrated notes

Levels and vault maps discovered:
D:1:      lemuel_arrival_lava_pool, layout_basic, minmay_misc_feat_columns,
          minmay_unequal
D:2:      layout_rooms, hellmonk_ecumenical_altar_slurped_away
D:3:      layout_basic, uniq_robin
D:4:      layout_basic, lemuel_flame_loot_1
D:5:      layout_cave_pools, lemuel_crystal_altar, ebering_ghost_sewer_f
D:6:      layout_gridville, minmay_temple_entry_junction,
          chequers_serial_rivers_micro_e, uniq_sigmund
D:7:      layout_loops_ring, dk_noncrumbling_3, uniq_joseph
D:8:      nzn_winding_woodlands_medium [nzn_winding_woodlands_5x5_three,
          nzn_winding_woodlands_5x15_longhouse, nzn_winding_woodlands_5x5_cross,
          nzn_winding_woodlands_5x5_open_star,
          nzn_winding_woodlands_center_triple_pond,
          nzn_winding_woodlands_5x5_perimeter,
          nzn_winding_woodlands_5x5_closed_star,
          nzn_winding_woodlands_5x15_split_checker,
          nzn_winding_woodlands_5x5_checkerboard], layout_basic, uniq_maggie
D:9:      layout_loops_cross, erik_lair_island, minmay_liquid_box
D:10:     layout_rooms
D:11:     layout_stronghold, serial_shops, nicolae_shop_crystal
D:12:     layout_basic, orc_0_dummy, gammafunk_ghost_spectres
D:13:     layout_cave_pools, portal_ice_cave_entry_pillars_1
D:14:     layout_rooms, erik_vaults_1
D:15:     grunt_enter_depths_magical_seal, layout_basic, solitary_fountain
Temple:   grunt_wide_crystal_templ
Lair:1:   statuecave_lemuel, layout_loops_ring, minivault_25,
          guppyfry_lair_drakes, infiniplex_staircase_pool_2, grunt_megastairs_3
Lair:2:   layout_gridlike, nicolae_spider_entry_tight_spaces, uniq_harold,
          uniq_gastronok, uniq_erica
Lair:3:   layout_layer_cave, minmay_shoals_entry_centaurs
Lair:4:   layout_roguey, basic_altar, kennysheep_catoblepas_arena,
          grunt_megastairs_2
Lair:5:   layout_cave_pods, minmay_slime_entry_jelly_boxes, grunt_megastairs_5,
          uniq_sonja
Lair:6:   grunt_lair_end_beastmaster, layout_gridlike, basic_altar,
          columned_hall_lemuel, lemuel_old_faithful, lemuel_fruit_fields,
          infiniplex_staircase_pool
Shoals:1: layout_shoals, st_sunken_temple
Slime:1:  layout_caves, nicolae_slime_barrier
Orc:1:    layout_diamond_mine, enter_bailey_2
Orc:2:    st_orc_town, layout_diamond_mine

Skill      XL: |  1  2  3  4  5  6  7  8  9 10 11 12 13 14 15 |
---------------+----------------------------------------------+-----
Stealth        | 3 4 5 6 8 9 10 | 10.0
Earth Magic    | 4 5 6 7 10 12 13 14 15 | 15.1
Conjurations   | 1 3 4 5 6 7 10 11 12 | 12.8
Fighting       | 1 2 3 4 5 6 7 |  7.2
Dodging        | 3 4 5 6 7 8 9 |  9.7
Spellcasting   | 4 5 6 7 8 9 11 12 | 12.8
Poison Magic   | 1 2 3 4 5 |  5.6
Invocations    | 2 5 7 8 |  8.4
Staves         | 1 3 4 |  4.2
Armour         | 1 2 3 4 5 |  5.3
Translocations | 1 3 |  3.9
Ice Magic      | 2 6 7 |  7.7
Air Magic      | 1 |  1.2
Shields        | 3 4 |  4.0
Necromancy     | 5 |  5.0
Transmutations | |  1.1

Action                   |  1- 3 |  4- 6 |  7- 9 | 10-12 | 13-15 | 16-18 || total
-------------------------+-------+-------+-------+-------+-------+-------++-------
Melee: Dagger            |   117 |    26 |    21 |       |     1 |       ||   165
       Staff             |       |     2 |    12 |    20 |    70 |       ||   104
       Short sword       |       |       |     4 |       |       |       ||     4
       Quarterstaff      |       |       |       |    45 |    25 |       ||    70
 Cast: Sandblast         |    31 |    20 |    59 |    61 |   210 |     1 ||   382
       Poisonous Vapours |     8 |    11 |    46 |    36 |    13 |       ||   114
       Stone Arrow       |     4 |    13 |    80 |    88 |    58 |       ||   243
       Apportation       |       |    14 |       |     3 |     7 |       ||    24
       Passwall          |       |     5 |     2 |     1 |     8 |       ||    16
       Lee's Rapid Decon |       |       |    10 |   123 |   251 |       ||   384
       Blink             |       |       |     5 |     8 |    11 |       ||    24
       Petrify           |       |       |       |    27 |    30 |       ||    57
       Fulminant Prism   |       |       |       |       |     4 |       ||     4
       Freezing Cloud    |       |       |       |       |    39 |     1 ||    40
       Iron Shot         |       |       |       |       |   155 |     2 ||   157
       Borgnjor's Vile C |       |       |       |       |     4 |       ||     4
       Shatter           |       |       |       |       |     1 |       ||     1
Invok: Channel Magic     |       |       |       |     2 |     7 |     1 ||    10
       Divine Exegesis   |       |       |       |       |     1 |       ||     1
Evoke: Wand              |       |       |       |       |     2 |       ||     2
  Use: Scroll            |       |     7 |     3 |    17 |    14 |     2 ||    43
       Potion            |       |       |       |     2 |     3 |     1 ||     6
 Stab: Sleeping          |     3 |     1 |     2 |       |     1 |       ||     7
       Petrifying        |       |       |       |     1 |       |       ||     1
       Petrified         |       |       |       |     2 |       |       ||     2
Armor: Robe              |     3 |       |       |       |       |       ||     3
       Troll leather arm |    56 |    31 |    29 |    30 |   123 |     1 ||   270
Dodge: Dodged            |   132 |    57 |    60 |   102 |   218 |     7 ||   576
Block: Buckler           |       |       |       |       |    67 |       ||    67
       Reflection        |       |       |       |       |     1 |       ||     1
